 Dungeon Crawl Stone Soup version 0.29.1-15-g9cfb28693d (webtiles) character file.

Game seed: 6414697073409625419

394 Sanktem7 the Chopper (level 6, -1/56 HPs)
             Began as a Minotaur Fighter on Mar 14, 2023.
             Slain by Pikel
             ... wielding a +0 whip of freezing
              (3 damage)
             ... on level 3 of the Dungeon.
             The game lasted 00:03:43 (2990 turns).

Sanktem7 the Chopper (Minotaur Fighter)             Turns: 2990, Time: 00:03:44

Health: -1/56      AC:  9    Str: 22    XL:     6   Next: 51%
Magic:  5/5        EV:  7    Int:  5    God:
Gold:   130        SH:  5    Dex: 10    Spells: 5/5 levels left

rFire   . . .      SeeInvis .   a - +0 war axe {axe}
rCold   . . .      Faith    .   c - +0 buckler
rNeg    . . .      Spirit   .   p - +0 chain mail
rPois   .          Reflect  .   (helmet restricted)
rElec   .          Harm     .   (no cloak)
rCorr   .          Rampage  .   (no gloves)
Will    .....                   (no boots)
Stlth   ..........              (no amulet)
HPRegen 0.18/turn               (no ring)
MPRegen 0.09/turn               (no ring)

@: no status effects
A: horns 2, retaliatory headbutt
a: no special abilities


You were on level 3 of the Dungeon.
You visited 1 branch of the dungeon, and saw 4 of its levels.

You collected 130 gold pieces.


Innate Abilities, Weirdness & Mutations

You have a pair of horns on your head.
You reflexively headbutt those who attack you in melee.


   Skills:
 + Level 5.1 Fighting
 * Level 5.7 Axes
 + Level 5.1 Armour
 + Level 5.0 Shields


You had 5 spell levels left.
You didn't know any spells.
Your spell library contained the following spells:

 Spells                   Type           Power      Damage    Failure   Level
 Slow                     Hex            0%         N/A       99%         1
 Ensorcelled Hibernation  Hex/Ice        0%         N/A       100%        2
 Passwall                 Tmut/Erth      0%         N/A       100%        2
 Confusing Touch          Hex            0%         N/A       100%        3
 Swiftness                Air            0%         N/A       100%        3
 Vampiric Draining        Necr           0%         2d6       100%        3
 Fulminant Prism          Conj/Hex       0%         3d6       100%        4
 Iskenderun's Mystic Bla  Conj/Tloc      0%         2d3       100%        4
 Lee's Rapid Deconstruct  Erth           0%         3d5*      100%        5

Inventory:

Hand Weapons
 a - a +0 war axe (weapon) {axe}
 f - a +1 dagger of flaming {short}
   (You took it off a kobold on level 1 of the Dungeon)
Missiles
 g - 26 stones (quivered) {throwing}
 q - 3 atropa-tipped darts {throwing}
 r - 5 boomerangs {throwing}
Armour
 c - a +0 buckler (worn)
 p - a +0 chain mail (worn)
   (You found it on level 3 of the Dungeon)
Wands
 k - a wand of iceblast (8)
   (You found it on level 2 of the Dungeon)
Scrolls
 e - 2 scrolls of immolation {unknown}
 h - 2 scrolls of torment {unknown}
 j - a scroll of blinking {unknown}
 m - a scroll of magic mapping {unknown}
 n - 3 scrolls of summoning {unknown}
 o - 2 scrolls of identify {unknown}
Potions
 b - a potion of berserk rage {unknown}
 d - a potion of might
 i - a potion of curing {unknown}
 l - 2 potions of cancellation {unknown}
 s - a potion of heal wounds {unknown}

Dungeon Overview and Level Annotations

Branches:
Dungeon (4/15) Zot: 20947
 Temple: D:4-7

Altars:
Sif Muna

Annotations:
D:3 Pikel

#......# ##......####
#..........#
#########..........#
#............†.....#
#..................#
#..................###
#####K5............'..
#@.............###
#.###..........#
#.#########+####
##########.##.........#####
#..........##.............#
##.#####.............####..
#.# #.............# #.. #.#
#.............# #.. #.#
#.............# #..


You could see Pikel and a lemure.


Message History

No target in view!
No target in view!
You see here a frilled lizard corpse.
You open the door.
There is an open door here.
You open the door.
There is an open door here.
Key pressed, stopping explore.
Key pressed, stopping explore.
You open the door.
There is an open door here.
Found a stone staircase leading up. 😎 HP[+1]
Your hp is fully restored (56).
There is an open door here.
There is a shaft here.
Found an escape hatch in the ceiling.
There is an escape hatch in the ceiling here.
s - a golden potion You open the door.
There is an open door here.
Done exploring.
There is a stone staircase leading down here.
You climb downwards.
The lemure shouts! x2; The jackal barks!
You hear a shout! x3
There is a stone staircase leading up here.
Pikel and a lemure come into view.
Pikel is wielding a +0 whip of freezing and carrying a wand of flame (24).
Pikel shouts!
The lemure shouts!
The lemure barely misses you.
A lemure comes into view.
There is a stone staircase leading up here.
You hit the lemure. You block the lemure's attack.
You slash the jackal!
You kill the jackal!
You completely miss the lemure. You barely miss the lemure.
You closely miss Pikel.
An adder comes into view.
The lemure hits you but does no damage. You block Pikel's attack.
The lemure hits you but does no damage.
You closely miss the jackal. You barely miss the lemure. You barely miss Pikel.
You miss the lemure. You barely miss the lemure. The jackal closely misses you.
The lemure hits you.
Pikel zaps a wand.
The puff of flame hits you. You block the lemure's attack.
The lemure hits you but does no damage. The jackal bites you. 😕 HP[-12]
You take 12 damage, and now have 44/56 hp.
MASSIVE DAMAGE!! (PAUSE)
You slash the jackal!
You kill the jackal!
You hit the lemure. You closely miss the lemure. You hit the lemure.
You closely miss Pikel. The lemure hits you.
Pikel hits you with a +0 whip of freezing.
Pikel freezes you. The lemure hits you but does no damage. The lemure hits you.
You block the lemure's attack. The lemure hits you.
Pikel zaps a wand.
The puff of flame hits you.
* * * LOW HITPOINT WARNING * * *
The lemure closely misses you. 😨 HP[-19]
You take 19 damage, and now have 25/56 hp.
MASSIVE DAMAGE!! (PAUSE) Pikel attacks as you move away!
Pikel barely misses you. The lemure attacks as you move away!
The lemure completely misses you. You furiously retaliate!
You headbutt the lemure, but do no damage.
The lemure hits you.
* * * LOW HITPOINT WARNING * * *
There is a stone staircase leading up here.
Things that are here:
a jackal corpse; a jackal corpse You block the adder's attack.
Pikel hits you with a +0 whip of freezing.
* * * LOW HITPOINT WARNING * * *
Pikel freezes you.
* * * LOW HITPOINT WARNING * * *
The lemure hits you but does no damage.
You climb upwards.
There is a stone staircase leading down here. 😨 HP[-7]
You take 7 damage, and now have 18/56 hp.
You miss Pikel. You slash the lemure!
Pikel zaps a wand.
The puff of flame hits you.
* * * LOW HITPOINT WARNING * * *
The lemure hits you.
* * * LOW HITPOINT WARNING * * *
😱 HP[-9]
You take 9 damage, and now have 9/56 hp.
You barely miss Pikel. You closely miss the lemure.
Pikel zaps a wand.
The puff of flame hits you but does no damage.
The lemure hits you but does no damage.
You closely miss Pikel. You slash the lemure!
Pikel hits you with a +0 whip of freezing!
* * * LOW HITPOINT WARNING * * *
Pikel freezes you.
You die...

Skill      XL: |  1  2  3  4  5  6 |
---------------+-------------------+-----
Axes           | 3 5 |  5.7
Fighting       | 4 5 |  5.1
Armour         | 4 5 |  5.1
Shields        | 4 5 |  5.0

Action                   |  1- 3 |  4- 6 || total
-------------------------+-------+-------++-------
Melee: War axe           |    97 |    54 ||   151
       Headbutt          |    12 |     8 ||    20
Armor: Scale mail        |    48 |    10 ||    58
       Chain mail        |       |    18 ||    18
Dodge: Dodged            |    32 |    20 ||    52
Block: Buckler           |    22 |    14 ||    36

Levels and vault maps discovered:
D:1:      shiori_arrival_maze, layout_basic, hangedman_decor_diamond_cutter
D:2:      layout_basic, hellmonk_ecumenical_altar_crossroads,
          serial_bayou_pond_a, chequers_serial_rivers_micro_b, glass_columns_c,
          st_stairs_12, serial_bayou_crossing
D:3:      layout_basic, nicolae_sif_muna_condensation, uniq_grinder
D:4:      layout_basic, temple_pool_b, uniq_pikel

Notes
Turn   | Place    | Note
-------+----------+-------------------------------------------
     0 | D:1      | Sanktem7 the Minotaur Fighter began the quest for the Orb.
     0 | D:1      | Reached XP level 1. HP: 19/19 MP: 0/0
     0 | D:1      | magus.rc [v1.9.6]
     3 | D:1      | You pick up a book of Debilitation and begin reading...
     3 | D:1      | You add the spells Slow, Vampiric Draining and Confusing
                  | Touch to your library.
   258 | D:1      | Reached XP level 2. HP: 27/27 MP: 1/1
   348 | D:1      | Reached skill level 3 in Axes
   685 | D:1      | Reached XP level 3. HP: 31/33 MP: 2/2
   719 | D:1      | Reached skill level 4 in Fighting
   737 | D:1      | Reached skill level 4 in Armour
   737 | D:1      | Reached skill level 4 in Shields
  1163 | D:2      | Found a faded altar of an unknown god.
  1304 | D:2      | You pick up a book of Burglary and begin reading...
  1304 | D:2      | You add the spells Passwall, Ensorcelled Hibernation and
                  | Swiftness to your library.
  1575 | D:2      | Reached XP level 4. HP: 30/40 MP: 3/3
  2020 | D:3      | Found a shimmering blue altar of Sif Muna.
  2069 | D:3      | Reached skill level 4 in Axes
  2077 | D:3      | Noticed Grinder
  2086 | D:3      | Paralysed by Grinder for 5 turns
  2092 | D:3      | HP: 6/40 [Grinder (6)]
  2093 | D:3      | Killed Grinder
  2094 | D:3      | Reached skill level 5 in Axes
  2094 | D:3      | Reached XP level 5. HP: 7/47 MP: 4/4
  2094 | D:3      | Reached XP level 6. HP: 9/55 MP: 5/5
  2388 | D:3      | You pick up a book of Blasting and begin reading...
  2388 | D:3      | You add the spells Fulminant Prism, Iskenderun's Mystic
                  | Blast and Lee's Rapid Deconstruction to your library.
  2673 | D:3      | Reached skill level 5 in Fighting
  2673 | D:3      | Reached skill level 5 in Armour
  2673 | D:3      | Reached skill level 5 in Shields
  2978 | D:4      | Noticed Pikel
  2988 | D:3      | HP: 14/56 [Pikel/puff of flame (4)]
  2990 | D:3      | HP: 2/56 [Pikel/+0 whip of freezing (8)]
  2990 | D:3      | Slain by Pikel

Vanquished Creatures
  Grinder (D:3)
  A phantom (D:3)
  An orc priest (D:3)
  2 adders (D:2)
  3 worms (D:2)
  2 orcs (D:3)
  4 bats
  7 endoplasms
  3 giant cockroaches
  4 goblins
  8 hobgoblins
  2 jackals (D:4)
  5 kobolds
  A quokka (D:1)
  5 ball pythons
  6 frilled lizards
  7 rats
62 creatures vanquished.

Vanquished Creatures (others)
  3 plants (D:2)
3 creatures vanquished.

Grand Total: 65 creatures vanquished

Table legend:
 A = Non-vault XP
 B = Vault XP
 C = Vault XP percentage of total XP
 D = Non-vault monster count
 E = Vault monster count
 F = Vault count percentage of total count
                 A         B        C        D         E       F
            +---------+---------+-------+---------+---------+-------
      Total |     278 |     285 |  50.6 |      58 |       4 |   6.5
            +---------+---------+-------+---------+---------+-------
        D:1 |      48 |       3 |   5.9 |      30 |       2 |   6.2
        D:2 |      58 |       1 |   1.7 |      15 |       1 |   6.2
        D:3 |     168 |     281 |  62.6 |      11 |       1 |   8.3
        D:4 |       4 |       0 |   0.0 |       2 |       0 |   0.0
            +---------+---------+-------+---------+---------+-------

Illustrated notes

Table legend:
 A = Kills in this place as a percentage of kills in entire the game.
 B = Kills by you in this place as a percentage of kills by you in the entire game.
 C = Kills by friends in this place as a percentage of kills by friends in the entire game.
 D = Other kills in this place as a percentage of other kills in the entire game.
 E = Experience gained in this place as a percentage of experience gained in the entire game.
 F = Experience gained in this place divided by the number of levels of this place that you have seen.
                   A       B       C       D       E      F
               +-------+-------+-------+-------+-------+----------------------
         Total | 100.0 | 100.0 |   N/A |   N/A | 100.0 | 140.8
       Dungeon | 100.0 | 100.0 |   N/A |   N/A | 100.0 | 140.8
               +-------+-------+-------+-------+-------+----------------------

Table legend: (Time is in decaauts)
 A = Elapsed time spent in this place.
 B = Non-inter-level travel time spent in this place.
 C = Inter-level travel time spent in this place.
 D = Time resting spent in this place.
 E = Time spent auto-exploring this place.
 F = Levels seen in this place.
 G = Mean time per level.
                   A        B        C        D        E       F      G
               +--------+--------+--------+--------+--------+-----+--------+
         Total |   3051 |   2986 |     65 |      0 |   2583 |   4 |  762.8 |
       Dungeon |   3051 |   2986 |     65 |      0 |   2583 |   4 |  762.8 |
               +--------+--------+--------+--------+--------+-----+--------+

Top non-repeatable levels by time:
     D:1: 1034 daAuts
     D:2: 1032 daAuts
     D:3: 973 daAuts
     D:4: 10 daAuts
